 Dungeon Crawl Stone Soup version 0.30.0-18-gc0e69614cb (webtiles) character file.

Game seed: 9446091904671608054

5 Irreverend the Ruffian (level 1, -3/16 HPs)
             Began as a Draconian Transmuter on May 25, 2023.
             Slain by a kobold
             ... wielding a +0 whip of electrocution
              (17 damage)
             ... on level 1 of the Dungeon.
             The game lasted 00:00:29 (112 turns).

Irreverend the Ruffian (Draconian Transmuter)        Turns: 112, Time: 00:00:30

Health: -3/16      AC:  4    Str: 12    XL:     1   Next: 66%
Magic:  2/3        EV: 12    Int: 13    God:
Gold:   37         SH:  0    Dex: 11    Spells: 3/4 levels left

rFire   . .          .
                       - Unarmed
rCold   . . .        (no shield)
rNeg    . . .        (body armour unavailable)
rPois   .            (helmet currently unavailable)
rElec   .            (no cloak)
rCorr   .            (no gloves)
SInv    .            (boots currently unavailable)
Will    .....        (no amulet)
Stlth   +            (no ring)
HPRegen 0.22/turn    (no ring)
MPRegen 0.08/turn

%: no passive effects
@: appendages (expiring)
A: horns 2, talons 2, AC +4, unfitting armour, cold-blooded
a: End Transformation


You were on level 1 of the Dungeon.
You had temporarily grown beastly horns and talons.
You visited 1 branch of the dungeon, and saw 1 of its levels.

You collected 37 gold pieces.

Inventory:

Scrolls
 b - a scroll of enchant weapon {unknown}
Potions
 a - a potion of lignification
 c - 3 potions of heal wounds {unknown}


   Skills:
 + Level 1.2 Fighting
 + Level 1.8 Dodging
 * Level 3.1 Unarmed Combat
 + Level 2.0 Spellcasting
 * Level 2.1 Transmutations


You had 3 spell levels left.
You knew the following spells:

 Your Spells              Type           Power      Damage    Failure   Level
a - Beastly Appendage     Tmut           12%        N/A       11%         1

Your spell library contained the following spells:

 Spells                   Type           Power      Damage    Failure   Level
 Wereblood                Tmut           6%         N/A       16%         2
 Spider Form              Tmut/Pois      4%         N/A       43%         3
 Ice Form                 Ice/Tmut       4%         N/A       85%         4


Dungeon Overview and Level Annotations

Branches:
Dungeon (1/15)

Altars:


Innate Abilities, Weirdness & Mutations

You have temporarily grown beastly horns and talons.
Your plain brown scales are hard. (AC +4)
You cannot fit into any form of body armour.
You are cold-blooded and may be slowed by cold attacks.


Message History

No target in view!
No target in view!
No target in view!
No target in view!
No target in view!
No target in view!
No target in view!
There's nothing to open nearby.
There's nothing to open nearby.
There's nothing to open nearby.
There's nothing to open nearby.
Your horns disappear.
Your talons disappear.
b - a scroll labelled LERCHE YNUSHUZU
c - 2 green potions
c - 3 green potions (gained 1)
You now have 37 gold pieces (gained 13).
Found 4 poisoned darts.
A kobold comes into view.
It is wielding a +0 whip of electrocution.
Found 2 lumpy grey potions.
The kobold shouts!
The kobold throws a stone.
The stone closely misses you.
A kobold is nearby!
Casting: Beastly Appendage (safe; 11% risk of failure)
Confirm with . or Enter, or press ? or * to list all spells.
You grow a pair of large bovine horns.
Your feet morph into talons.
Found 8 gold pieces.
No target in view!
No target in view!
No target in view!
A kobold is nearby!
Your transformation is almost over.
The kobold throws a stone.
The stone closely misses you.
A frilled lizard comes into view.
The frilled lizard hisses angrily.
The kobold hits you with a +0 whip of electrocution.
You hit the kobold but do no damage. You tail-slap the kobold.
The kobold is severely wounded.
The kobold hits you but does no damage.
You are electrocuted!
Ouch! That really hurt!
You die...

+# ... .... ....###
##### ..... $....###
... ##.##....# #
#K##.#.###..# # .
##@.(#..!#..# #
#.#.##.#.###..# #
.....##.##....## #
................######
####..........##.†#....
.............†.†.....
.####.....########### .
#.....# # #.....#


You could see a kobold.

Vanquished Creatures
  A ball python (D:1)
  A bat (D:1)
  A hobgoblin (D:1)
  A frilled lizard (D:1)
  A rat (D:1)
5 creatures vanquished.

Notes
Turn   | Place    | Note
-------+----------+-------------------------------------------
     0 | D:1      | Irreverend the Draconian Transmuter began the quest for the
                  | Orb.
     0 | D:1      | Reached XP level 1. HP: 16/16 MP: 3/3
   112 | D:1      | Slain by a kobold

Illustrated notes

Levels and vault maps discovered:
D:1:      ncdulo_watergridlock, layout_basic, minmay_ruptured

Action                     || total
---------------------------++-------
  Melee: Unarmed           ||    16
         Headbutt          ||     2
         Tailslap          ||     2
         Kick              ||     1
         Punch             ||     1
   Cast: Beastly Appendage ||     3
 Armour: Skin              ||     7
  Dodge: Dodged            ||    14
